 Dungeon Crawl Stone Soup version 0.29.1-15-g9cfb28693d (webtiles) character file.

Game seed: 1108709202328122722

76 mrgoodbar64 the Shooter (level 4, -5/28 HPs)
             Began as a Gargoyle Hunter on Mar 12, 2023.
             Slain by an iguana (7 damage)
             ... on level 3 of the Dungeon.
             The game lasted 00:05:43 (2101 turns).

mrgoodbar64 the Shooter (Gargoyle Hunter)           Turns: 2101, Time: 00:05:43

Health: -5/28      AC: 10    Str: 14    XL:     4   Next: 32%
Magic:  4/4        EV: 11    Int: 10    God:
Gold:   115        SH:  0    Dex: 15    Spells: 3/3 levels left

rFire   + . .      SeeInvis .   b - +0 shortbow
rCold   . . .      Faith    .   (shield currently unavailable)
rNeg    + . .      Spirit   .   j - +0 ring mail
rPois   ∞          Reflect  .   (no helmet)
rElec   +          Harm     .   (no cloak)
rCorr   .          Rampage  .   d - +0 pair of gloves
Will    .....                   (no boots)
Stlth   +.........              (no amulet)
HPRegen 0.09/turn               n - ring of protection from fire
MPRegen 0.09/turn               (no ring)

@: no status effects
A: sickness immunity, AC +3, negative energy resistance 1, electricity
resistance, torment resistance 1, petrification resistance
a: no special abilities


You were on level 3 of the Dungeon.
You visited 1 branch of the dungeon, and saw 3 of its levels.

You collected 115 gold pieces.

Inventory:

Hand Weapons
 b - a +0 shortbow (weapon)
Armour
 d - a +0 pair of gloves (worn)
 j - a +0 ring mail (worn)
Jewellery
 k - a ring of fire
 n - a ring of protection from fire (left hand)
Scrolls
 a - a scroll of immolation
 e - 2 scrolls of enchant armour {unknown}
 h - a scroll of poison {unknown}
 m - a scroll of vulnerability {unknown}
 p - a scroll of magic mapping {unknown}
 q - 2 scrolls of fear {unknown}
 r - 2 scrolls of amnesia {unknown}
 s - a scroll of blinking {unknown}
Potions
 c - a potion of heal wounds {unknown}
 f - 2 potions of curing {unknown}
 g - a potion of lignification {unknown}
 i - a potion of flight {unknown}
 l - a potion of might {unknown}
 o - a potion of brilliance {unknown}
 t - a potion of invisibility {unknown}


   Skills:
 - Level 3.0 Fighting
 + Level 4.8 Ranged Weapons
 - Level 2.0 Armour
 - Level 1.5 Dodging
 - Level 1.1 Stealth


You had 3 spell levels left.
You didn't know any spells.
Your spell library contained the following spells:

 Spells                   Type           Power      Damage    Failure   Level
 Freeze                   Ice            0%         1d3       58%         1
 Call Canine Familiar     Summ           0%         N/A       92%         3
 Frozen Ramparts          Ice            0%         1d1       92%         3
 Portal Projectile        Hex/Tloc       0%         N/A       92%         3
 Hailstorm                Conj/Ice       0%         3d3       100%        4
 Leda's Liquefaction      Hex/Erth       0%         N/A       100%        4


Dungeon Overview and Level Annotations

Branches:
Dungeon (3/15)

Altars:


Innate Abilities, Weirdness & Mutations

You are immune to sickness and miasma.
Your stone body is resilient. (AC +3)
You are immune to poison.
You resist negative energy. (rN+)
You are resistant to electric shocks. (rElec)
You are resistant to unholy torment.
You are immune to petrification.


Message History

An iguana comes into view.
You shoot an arrow. The arrow closely misses the iguana.
You shoot an arrow.
The arrow hits the iguana but does no damage.
You shoot an arrow.
The arrow hits the iguana but does no damage.
You shoot an arrow. The arrow hits the iguana.
The iguana is lightly wounded.
The iguana bites you. The iguana bites you!
You are too injured to fight recklessly!
You are too injured to fight recklessly!
You are too injured to fight recklessly!
You are too injured to fight recklessly!
Fire: b) +0 shortbow
Press: ? - help, Q - select action Shift-Dir - straight line, f/p - iguana
Aim: an iguana (lightly wounded, 65% to hit)
You shoot an arrow. The arrow hits the iguana.
The iguana is moderately wounded.
The iguana closely misses you.
Fire: b) +0 shortbow
Press: ? - help, Q - select action Shift-Dir - straight line, f/p - iguana
Aim: an iguana (moderately wounded, 65% to hit)
You shoot an arrow. The arrow hits the iguana!
The iguana is severely wounded.
The iguana bites you but does no damage.
The iguana closely misses you.
Fire: b) +0 shortbow
Press: ? - help, Q - select action Shift-Dir - straight line, f/p - iguana
Aim: an iguana (severely wounded, 65% to hit)
You shoot an arrow.
The arrow hits the iguana but does no damage.
The iguana is severely wounded.
The iguana bites you!
* * * LOW HITPOINT WARNING * * *
Fire: b) +0 shortbow
Press: ? - help, Q - select action Shift-Dir - straight line, f/p - iguana
Aim: an iguana (severely wounded, 65% to hit)
You shoot an arrow. The arrow barely misses the iguana.
The iguana bites you!
You die...

... #.# #... #.#
#.. #.# .. #.#
..## #.# .
...#.#
...##.#.#####.##
......l.........
.......@#####.##
........#
........#
........#
........#
?........
........#
........#


You could see an iguana.

Vanquished Creatures
  5 adders (D:2)
  2 dart slugs
  A bat (D:2)
  An endoplasm (D:1)
  6 goblins
  3 hobgoblins
  A quokka (D:2)
  4 ball pythons
  A frilled lizard (D:1)
  2 kobolds
26 creatures vanquished.

Notes
Turn   | Place    | Note
-------+----------+-------------------------------------------
     0 | D:1      | mrgoodbar64 the Gargoyle Hunter began the quest for the
                  | Orb.
     0 | D:1      | Reached XP level 1. HP: 12/12 MP: 1/1
   142 | D:1      | Reached XP level 2. HP: 18/18 MP: 2/2
   219 | D:1      | Found a faded altar of an unknown god.
   302 | D:1      | Reached skill level 1 in Armour
  1193 | D:2      | Reached XP level 3. HP: 22/22 MP: 3/3
  1614 | D:2      | Reached XP level 4. HP: 28/28 MP: 4/4
  2101 | D:3      | Slain by an iguana

Illustrated notes

Levels and vault maps discovered:
D:1:      mainiacjoe_arrival_reflecting_pool, layout_loops_cross,
          dreamdust_ecumenical_altar_angels_and_demons
D:2:      layout_basic
D:3:      layout_basic, mainiacjoe_overflow_six_doors_small,
          serial_bayou_lagoon_b

Skill      XL: |  1  2  3 |
---------------+----------+-----
Armour         | 1 2 |  2.0
Fighting       | 3 |  3.0
Ranged Weapons | |  4.8
Dodging        | |  1.5
Stealth        | |  1.1

Action                   |  1- 3 |  4- 6 || total
-------------------------+-------+-------++-------
 Fire: Shortbow          |    72 |    22 ||    94
Armor: Leather armour    |     3 |       ||     3
       Ring mail         |    11 |    11 ||    22
Dodge: Dodged            |    17 |     6 ||    23
